 Dungeon Crawl Stone Soup version 0.27.1 (webtiles) character file.

Game seed: 5477594394061230442

8254 Kala the Grappler (level 11, -15/100 HPs)
             Began as a Pale Draconian Transmuter on Sept 1, 2021.
             Was a High Priest of Dithmenos.
             Demolished by a two-headed ogre (16 damage)
             ... on level 11 of the Dungeon.
             The game lasted 00:44:09 (11120 turns).

Kala the Grappler (Pale Draconian Transmuter)      Turns: 11120, Time: 00:44:10

Health: -15/100    AC: 11    Str: 16    XL:     11   Next: 7%
Magic:  20/20      EV: 11    Int: 20    God:    Dithmenos [*****.]
Gold:   597        SH:  0    Dex: 11    Spells: 15/22 levels left

rFire    x x .     SeeInvis .     - Unarmed
rCold    + + +     Faith    .   (shield currently unavailable)
rNeg     . . .     Spirit   .   (armour unavailable)
rPois    +         Reflect  .   (helmet currently unavailable)
rElec    .         Harm     .   (cloak currently unavailable)
rCorr    .         Rampage  .   (gloves currently unavailable)
Will     .....                  (boots currently unavailable)
Stlth    +++.......             (no amulet)
HPRegen  0.26/turn              l - +6 ring of intelligence
MPRegen  0.17/turn              a - ring of ice

@: ice-form, wereblooded, wreathed by umbra
A: freezing attack, amphibious, boosted hp, (breathe steam), AC +7, large,
unfitting armour, (cold-blooded), (steam resistance)
a: End Transformation, Renounce Religion, Shadow Step, Shadow Form


You were on level 11 of the Dungeon.
You worshipped Dithmenos.
Dithmenos was extremely pleased with you.
You were a creature of crystalline ice.
You visited 1 branch of the dungeon, and saw 11 of its levels.

You collected 597 gold pieces.

Inventory:

Armour
 f - a +0 cloak
 k - a scarf of shadows
 B - a +2 cloak (melded)
Jewellery
 a - a ring of ice (right front paw)
 l - a +6 ring of intelligence (left front paw)
 m - a +4 ring of evasion
 q - a ring of poison resistance
 y - a ring of positive energy
 C - an amulet of guardian spirit
Wands
 p - a wand of acid (6)
 u - a wand of flame (32)
Scrolls
 e - 3 scrolls of teleportation
 g - a scroll of magic mapping
 i - 2 scrolls of blinking
 t - a scroll of enchant armour
 w - 2 scrolls of amnesia
 x - 2 scrolls of fog {unknown}
 z - 2 scrolls of enchant weapon {unknown}
 D - a scroll of summoning {unknown}
Potions
 b - a potion of magic
 c - a potion of ambrosia
 d - 5 potions of curing
 h - 2 potions of degeneration
 j - a potion of resistance {unknown}
 n - 2 potions of mutation {unknown}
 o - a potion of attraction {unknown}
 r - a potion of might {unknown}
 s - a potion of flight {unknown}
 v - 2 potions of heal wounds
 A - a potion of lignification {unknown}


   Skills:
 + Level 4.0 Fighting
 + Level 5.1 Dodging
 + Level 3.3 Stealth
 + Level 9.6 Unarmed Combat
 + Level 6.4 Spellcasting
 * Level 8.2 Transmutations
 * Level 7.2 Ice Magic


You had 15 spell levels left.
You knew the following spells:

 Your Spells              Type           Power      Damage    Failure   Level
a - Beastly Appendage     Tmut           78%        N/A       1%          1
b - Wereblood             Tmut           39%        N/A       1%          2
c - Ice Form              Ice/Tmut       54%        N/A       4%          4

Your spell library contained the following spells:

 Spells                   Type           Power      Damage    Failure   Level
 Spider Form              Tmut/Pois      11%        N/A       5%          3
 Foxfire                  Conj/Fire      24%        2x1d5     10%         1
 Static Discharge         Conj/Air       6%         N/A       16%         2
 Conjure Flame            Conj/Fire      6%         6-21      30%         3
 Inner Flame              Hex/Fire       6%         N/A       30%         3
 Dispel Undead            Necr           6%         3d8       69%         4
 Sticky Flame             Conj/Fire      6%         2d3       69%         4
 Malign Gateway           Summ/Tloc      3%         N/A       100%        7
 Summon Horrible Things   Summ           3%         N/A       100%        8


Dungeon Overview and Level Annotations

Branches:
Dungeon (11/15)            Temple (0/1) D:5             Orc (0/2) D:10
   Lair: D:8-11

Altars:
Dithmenos
Fedhas
Gozag
Hepliaklqana
Kikubaaqudgha
Okawaru
Qazlal
Vehumet
Zin

Annotations:
D:10 1 runed translucent door


Innate Abilities, Weirdness & Mutations

You are a creature of crystalline ice.
You have a powerful freezing melee attack.
You are amphibious.
Your maximum health is increased.
Your armour is entirely melded.
You are incapable of wielding weapons or throwing items.
((You can breathe blasts of scalding, opaque steam.))
((Your pale cyan-grey scales are hard. (AC +7)))
You cannot fit into any form of body armour.
((You are cold-blooded and may be slowed by cold attacks.))
((You are immune to the effects of steam.))


Message History

You hit the shadow but do no damage. The shadow hits you.
You pummel the shadow!!
You feel a bit better.
You destroy the shadow!
Dithmenos accepts your kill.
You howl as the wereblood boils in your veins!
You hear a shout!
A kobold demonologist comes into view. It is wielding a +0 dagger.
The two-headed ogre hits you with a +0 giant club!
The two-headed ogre closely misses you.
You hit the two-headed ogre but do no damage.
You howl as the wereblood boils in your veins!
The two-headed ogre hits you with a +0 giant club.
The two-headed ogre hits you with a +0 giant spiked club!!
You pummel the two-headed ogre!! You freeze the two-headed ogre!
The two-headed ogre is severely wounded.
You hit the two-headed ogre but do no damage.
The two-headed ogre is severely wounded.
The two-headed ogre hits you with a +0 giant club!
The two-headed ogre hits you with a +0 giant spiked club.
You barely miss the two-headed ogre.
The two-headed ogre is severely wounded.
A vampire mosquito comes into view. x2
The two-headed ogre closely misses you.
The two-headed ogre hits you with a +0 giant spiked club!
* * * LOW HITPOINT WARNING * * *
The vampire mosquito buzzes angrily.
You hit the two-headed ogre but do no damage.
The two-headed ogre is severely wounded.
You hear an angry buzzing noise.
You hit the two-headed ogre. You freeze the two-headed ogre.
The two-headed ogre is severely wounded.
The two-headed ogre hits you with a +0 giant club.
* * * LOW HITPOINT WARNING * * *
The two-headed ogre hits you with a +0 giant spiked club!!
* * * LOW HITPOINT WARNING * * *
Unknown command.
You hit the two-headed ogre. You freeze the two-headed ogre.
The two-headed ogre is almost dead.
The two-headed ogre hits you with a +0 giant club!
You die...

.......... ..........
..........# ####...#.
..........# #...#.
..........# #...#.
....≈.....#########...#.
....≈≈≈..$#........####.
≈≈..≈≈yy..#........#####
≈≈....O$.[.....≈..†.....
≈....K.Y................
.................>......
#######..............≈..
#.............≈≈..
#.................
#......#####......
######## #...... #......
#######


You could see a two-headed ogre, a kobold demonologist and 2 vampire mosquitoes.

Vanquished Creatures
  An ugly thing (D:11)
  A troll (D:9)
  2 shadows
  A vampire (D:9)
  2 wraiths (D:10)
  12 yaks (D:10)
  A wyvern (D:8)
  2 steam dragons (D:7)
  Menkaure (D:5)
  A warg (D:10)
  A water moccasin (D:6)
  Duvessa (D:5)
  An ice beast (D:5)
  2 black bears
  3 orc warriors
  A sky beast (D:7)
  A hornet zombie (D:8)
  4 necrophages
  5 centaurs
  2 ogres
  2 phantoms
  2 bullfrogs (D:8)
  4 kobold brigands
  2 gnoll sergeants
  3 scorpions
  Dowan (D:5)
  A water moccasin zombie (D:5)
  A wyvern skeleton (D:7)
  4 killer bees (D:9)
  A wight (D:7)
  4 howler monkeys
  4 bullfrog zombies
  A hound (D:7)
  Crazy Yiuf (D:4)
  2 centaur skeletons (D:7)
  A centaur zombie (D:7)
  3 orc priests
  A bullfrog skeleton (D:7)
  3 iguanas
  8 orc wizards
  Ijyb (D:5)
  A killer bee zombie (D:5)
  A hound skeleton (D:5)
  Robin (D:3)
  12 gnolls
  A howler monkey skeleton (D:4)
  3 adders
  A white imp (D:5)
  2 ufetubi (D:5)
  A worm (D:3)
  24 orcs
  8 endoplasms
  4 giant cockroaches
  18 goblins
  6 hobgoblins
  3 jackals (D:2)
  26 kobolds
  5 quokkas
  2 ball pythons (D:1)
  5 bats
  2 frilled lizards (D:3)
  9 rats
230 creatures vanquished.

Vanquished Creatures (others)
  Erolcha (D:9)
  13 plants (D:7)
  5 withered plants (D:2)
19 creatures vanquished.

Grand Total: 249 creatures vanquished

Notes
Turn   | Place    | Note
-------+----------+-------------------------------------------
     0 | D:1      | Kala the Draconian Transmuter began the quest for the Orb.
     0 | D:1      | Reached XP level 1. HP: 16/16 MP: 3/3
   168 | D:1      | Reached XP level 2. HP: 23/23 MP: 3/5
   173 | D:1      | Learned a level 2 spell: Wereblood
   417 | D:1      | Reached XP level 3. HP: 25/28 MP: 4/6
   761 | D:1      | Reached skill level 1 in Ice Magic
  1030 | D:2      | Found a faded altar of an unknown god.
  1644 | D:2      | Became a worshipper of Dithmenos the Shadowed
  1644 | D:2      | Reached * piety under Dithmenos
  1906 | D:2      | Noticed a black bear
  1919 | D:2      | Killed a black bear
  1920 | D:2      | Reached XP level 4. HP: 25/35 MP: 6/8
  1920 | D:2      | Reached XP level 5. HP: 28/40 MP: 6/9
  2149 | D:3      | Noticed Robin
  2162 | D:3      | Killed Robin
  2216 | D:3      | Noticed an ogre
  2221 | D:3      | Killed an ogre
  2222 | D:3      | Reached skill level 4 in Unarmed Combat
  2229 | D:3      | Reached XP level 6. HP: 47/47 MP: 10/10
  2234 | D:3      | Learned a level 4 spell: Ice Form
  2947 | D:4      | Identified the ring of Oxtuhul {rElec Will+ Int-5 SInv}
  2968 | D:4      | Reached ** piety under Dithmenos
  3405 | D:4      | Found a runed translucent door.
  3406 | D:4      | Noticed Crazy Yiuf
  3502 | D:4      | Found a stormy altar of Qazlal.
  3589 | D:4      | Reached skill level 1 in Stealth
  3869 | D:4      | Your scales start taking on a pale cyan-grey colour.
  3869 | D:4      | Reached XP level 7. HP: 53/53 MP: 12/12
  3869 | D:4      | Gained mutation: You are immune to the effects of steam.
                  | [Pale Draconian growth]
  4016 | D:4      | Killed Crazy Yiuf
  4106 | D:5      | Entered Level 5 of the Dungeon
  4398 | D:5      | Noticed Menkaure
  4398 | D:5      | Noticed Ijyb
  4409 | D:5      | Killed Ijyb
  4411 | D:5      | Killed Menkaure
  4673 | D:5      | Reached skill level 5 in Unarmed Combat
  4810 | D:5      | Reached XP level 8. HP: 61/61 MP: 9/14
  4892 | D:5      | Reached skill level 5 in Transmutations
  4907 | D:5      | Noticed Duvessa
  4907 | D:5      | Noticed Dowan
  4929 | D:5      | Killed Duvessa
  4934 | D:5      | Killed Dowan
  5377 | D:5      | Found a staircase to the Ecumenical Temple.
  5530 | D:6      | Reached *** piety under Dithmenos
  5532 | D:6      | Reached skill level 6 in Unarmed Combat
  5884 | D:6      | Reached XP level 9. HP: 68/68 MP: 8/15
  6218 | D:7      | Found a faded altar of an unknown god.
  6218 | D:7      | Found a hazy altar of Hepliaklqana.
  6218 | D:7      | Found a faded altar of an unknown god.
  6297 | D:7      | Found a glowing silver altar of Zin.
  6376 | D:7      | Found an opulent altar of Gozag.
  6455 | D:7      | Found an ancient bone altar of Kikubaaqudgha.
  6471 | D:7      | Reached skill level 5 in Ice Magic
  6502 | D:7      | Found a blossoming altar of Fedhas.
  6590 | D:7      | Reached skill level 7 in Unarmed Combat
  6695 | D:7      | Reached skill level 5 in Spellcasting
  6971 | D:7      | Reached **** piety under Dithmenos
  7597 | D:8      | Found a radiant altar of Vehumet.
  8145 | D:8      | Found an iron altar of Okawaru.
  8486 | D:9      | Reached XP level 10. HP: 55/77 MP: 11/18
  8996 | D:9      | Noticed Erolcha
  9004 | D:9      | Killed Erolcha
  9005 | D:9      | Reached skill level 8 in Unarmed Combat
  9336 | D:9      | HP: 2/92 [troll (7)]
  9735 | D:10     | Entered Level 10 of the Dungeon
  9769 | D:10     | Found a runed translucent door.
  9771 | D:10     | Noticed a sixfirhy
 10030 | D:10     | Found a staircase to the Orcish Mines.
 10039 | D:10     | Reached skill level 5 in Dodging
 10297 | D:10     | Reached skill level 9 in Unarmed Combat
 10304 | D:10     | Reached ***** piety under Dithmenos
 10768 | D:10     | Reached XP level 11. HP: 60/84 MP: 18/20
 11065 | D:11     | Noticed a purple ugly thing
 11075 | D:11     | Killed a purple ugly thing
 11107 | D:11     | Noticed a two-headed ogre
 11119 | D:11     | HP: 1/100 [two-headed ogre (26)]
 11120 | D:11     | Demolished by a two-headed ogre

Illustrated notes

Levels and vault maps discovered:
D:1:      scummos_arrival_forest, layout_loops_ring
D:2:      layout_rooms, shapermc_ecumenical_altar_flowoftime, st_stairs_11,
          minmay_statues_item, due_unseen_surprise
D:3:      layout_rooms, uniq_robin
D:4:      layout_gridville, nicolae_qazlal_scattered_showers,
          uniq_crazy_yiuf_cottage
D:5:      minmay_evil_eye, layout_basic, minmay_temple_entry_mini_moons,
          uniq_ijyb, uniq_menkaure, uniq_duvessa
D:6:      layout_basic
D:7:      layout_basic, nicolae_hepliaklqana_ecumenical_no_more,
          mainiacjoe_overflow_surrounded_room,
          mainiacjoe_overflow_catch_the_wave, mainiacjoe_overflow_paths,
          enter_bailey_2, hangedman_abyss_or_decor_stagger,
          minmay_fractal_squares_diagonal_5
D:8:      layout_loops_corners, kennysheep_little_box, general_overflow_altar
D:9:      layout_rooms, uniq_erolcha
D:10:     cheibrodos_shockbox, layout_long_grid, david_orc_3
D:11:     layout_basic, minmay_lair_entry_grove

Skill      XL: |  1  2  3  4  5  6  7  8  9 10 |
---------------+-------------------------------+-----
Dodging        | 2 3 4 5 |  5.1
Ice Magic      | 1 2 3 4 5 7 |  7.2
Transmutations | 3 4 6 7 8 |  8.2
Unarmed Combat | 4 5 6 7 9 |  9.6
Spellcasting   | 3 4 5 6 |  6.4
Stealth        | 1 2 3 |  3.3
Fighting       | 2 3 4 |  4.0

Action                   |  1- 3 |  4- 6 |  7- 9 | 10-12 || total
-------------------------+-------+-------+-------+-------++-------
Melee: Unarmed           |   104 |   125 |   299 |   136 ||   664
       Tailslap          |    16 |    14 |    18 |     9 ||    57
       Kick              |    23 |    26 |    39 |    13 ||   101
       Headbutt          |     7 |    16 |    20 |     9 ||    52
       Punch             |     1 |     3 |     3 |     1 ||     8
 Cast: Beastly Appendage |    30 |    22 |    25 |    10 ||    87
       Wereblood         |     1 |     1 |    10 |     7 ||    19
       Ice Form          |       |       |    14 |     5 ||    19
 Abil: Breathe Steam     |       |       |     2 |    15 ||    17
  Use: Scroll            |       |     5 |     6 |       ||    11
       Potion            |       |       |       |     2 ||     2
 Stab: Sleeping          |       |     3 |     5 |       ||     8
Armor: Skin              |    29 |    37 |    70 |    60 ||   196
Dodge: Dodged            |    89 |    98 |   233 |    84 ||   504
